 Dungeon Crawl Stone Soup version 0.19-a0-1167-g79b6552 (webtiles) character file.

32 JeffiDaFish the Firebug (level 3, -2/26 HPs)
             Began as a Hill Orc Fire Elementalist on Aug 14, 2016.
             Slain by a quokka (3 damage)
             ... on level 2 of the Dungeon.
             The game lasted 00:06:08 (1318 turns).

JeffiDaFish the Firebug (HOFE)                      Turns: 1318, Time: 00:06:08

Health: -2/26      AC:  2    Str: 10    XL:     3   Next: 27%
Magic:  1/5        EV: 12    Int: 16    God:
Gold:   190        SH:  0    Dex: 11    Spells: 2 memorised, 2 levels left

rFire  x . .     SeeInvis .     d - -1 whip (curse)
rCold  + . .     Gourm    .     a - +0 robe
rNeg   . . .     Faith    .     (no shield)
rPois  .         Spirit   .     (no helmet)
rElec  .         Dismiss  .     (no cloak)
rCorr  .         Reflect  .     (no gloves)
MR     .....     Harm     .     (no boots)
Stlth  ++........               (no amulet)
                                (no ring)
                                h - ring of ice

@: very slightly contaminated
A: no striking features
a: no special abilities


You were on level 2 of the Dungeon.
You were hungry.

You visited 1 branch of the dungeon, and saw 2 of its levels.

You collected 190 gold pieces.

Inventory:

Hand Weapons
 d - a cursed -1 whip (weapon)
Armour
 a - a +0 robe (worn)
Jewellery
 h - a ring of ice (left hand)
Scrolls
 j - a scroll of identify
Potions
 e - a potion of lignification {unknown}
Books
 b - a book of Flames

   Spells                             Type                      Level
   a - Flame Tongue                   Conjuration/Fire             1
   b - Throw Flame                    Conjuration/Fire             2
   c - Conjure Flame                  Conjuration/Fire             3
   d - Inner Flame                    Hexes/Fire                   3
   e - Sticky Flame                   Conjuration/Fire             4
   f - Fireball                       Conjuration/Fire             5
Comestibles
 c - 2 bread rations
 f - 2 chunks of flesh


   Skills:
 + Level 1.9 Dodging
 + Level 1.9 Stealth
 + Level 1.9 Spellcasting
 + Level 1.3 Conjurations
 + Level 3.7 Fire Magic


You had 2 spell levels left.
You knew the following spells:

 Your Spells              Type           Power        Failure   Level  Hunger
a - Flame Tongue          Conj/Fire      #....        10%         1    #......
b - Throw Flame           Conj/Fire      #.....       12%         2    ###....


Dungeon Overview and Level Annotations

Branches:
Dungeon (2/15)

Altars:


Message History

The flame tongue hits the quokka.
The quokka is moderately wounded.
The quokka barely misses you. The hobgoblin barely misses you.
Casting: Flame Tongue
Confirm with . or Enter, or press ? or * to list all spells.
Aiming: Flame Tongue
Press: ? - help, Shift-Dir - straight line, f/p - quokka
Aim: a quokka (moderately wounded)
The flame tongue misses the quokka.
The quokka bites you.
* * * LOW HITPOINT WARNING * * *
Casting: Flame Tongue
Confirm with . or Enter, or press ? or * to list all spells.
Aiming: Flame Tongue
Press: ? - help, Shift-Dir - straight line, f/p - quokka
Aim: a quokka (moderately wounded)
You miscast Flame Tongue.
Wisps of smoke drift from your hands. The hobgoblin barely misses you.
The quokka barely misses you. The hobgoblin misses you. The quokka bites you.
You die...

#...........#
######.##...........#
........#...........#
........#...........#
........#...........# .#
........#...........##..
(...................##.# #
....................##.# .#
................@rg.##.##.#
##....##.........g..#.....###
#.......<###+#####.........#
####..#..# #.?.....####.#
#....#..# #.##.#.......#
#.......# #.##.#.......#
.##.......# #.##.#.......#
........g.# #............#
.##.......###+#######....##.#


You could see a quokka and 2 hobgoblins.

Vanquished Creatures
  An adder (D:2)
  2 dart slugs (D:1)
  2 giant cockroaches (D:2)
  4 goblins (D:1)
  2 hobgoblins (D:1)
  3 jackals (D:1)
  A bat (D:1)
  2 kobolds (D:1)
  A rat (D:2)
  2 fungi (D:1)
20 creatures vanquished.

Notes
Turn   | Place    | Note
-------+----------+-------------------------------------------
     0 | D:1      | JeffiDaFish the Hill Orc Fire Elementalist began the quest for the Orb.
     0 | D:1      | Reached XP level 1. HP: 14/14 MP: 3/3
   297 | D:1      | Reached XP level 2. HP: 8/20 MP: 0/4
  1074 | D:1      | Learned a level 2 spell: Throw Flame
  1202 | D:2      | Reached XP level 3. HP: 25/26 MP: 2/5
  1315 | D:2      | HP: 1/26 [quokka (5)]
  1318 | D:2      | Slain by a quokka

Vault maps used:
D:1:      tarquinn_simple_flora_water_d, minmay_gold_behind_fungi
D:2:      serial_glass, glass_columns_a, glass_columns_a, minmay_misc_feat_room

Action                   || total
-------------------------++-------
Melee: Whip              ||    66
       Unarmed           ||     2
 Cast: Flame Tongue      ||    33
  Use: Potion            ||     5
       Scroll            ||     3
 Stab: Sleeping          ||     1
  Eat: Chunk             ||     2
Armor: Robe              ||    20
Dodge: Dodged            ||    46
